 Dungeon Crawl Stone Soup version 0.30-a0-870-gc5d4c5acee (webtiles) character file.

Game seed: 4756723240968771456

452 cforsyth the Covered (level 7, -15/56 HPs)
             Began as a Barachi Fighter on Mar 12, 2023.
             Demolished by an ogre
             ... wielding a +0 giant spiked club
              (32 damage)
             ... on level 5 of the Dungeon.
             The game lasted 00:06:16 (4797 turns).

cforsyth the Covered (Barachi Fighter)              Turns: 4797, Time: 00:06:17

Health: -15/56     AC:  8    Str: 18    XL:     7   Next: 5%
Magic:  7/7        EV:  9    Int:  8    God:
Gold:   226        SH:  5    Dex: 13    Spells: 6/6 levels left

rFire   . . .      SeeInvis .    a - +1 long sword
rCold   . . .      Faith    .    c - +0 buckler
rNeg    . . .      Spirit   .    b - +0 scale mail
rPois   .          Reflect  .    (no helmet)
rElec   .          Rampage  .    m - scarf {repulsion}
rCorr   .                        u - +0 pair of gloves
Will    .....                    (no boots) Stlth
                                 (no amulet)
HPRegen 0.29/turn                (no ring)
MPRegen 0.10/turn                (no ring)

@: repel missiles, slow
A: amphibious, slowness 1, strong legs 1, +LOS
a: Hop


You were on level 5 of the Dungeon.
You visited 2 branches of the dungeon, and saw 6 of its levels.
You also visited: Ossuary.

You collected 226 gold pieces.

Inventory:

Hand Weapons
 a - a +1 long sword (weapon)
Armour
 b - a +0 scale mail (worn)
 c - a +0 buckler (worn)
 m - a scarf of repulsion (worn)
 u - a +0 pair of gloves (worn)
Jewellery
 g - a +6 ring of strength
 j - a +6 ring of intelligence
 l - an amulet of the acrobat
 y - a ring of ice
Wands
 n - a wand of roots (4)
Scrolls
 f - 2 scrolls of teleportation
 k - a scroll of magic mapping {unknown}
 r - a scroll of poison {unknown}
 s - a scroll of brand weapon {unknown}
 t - a scroll of blinking
 v - a scroll of enchant weapon
 w - a scroll of immolation {unknown}
 A - a scroll of noise {unknown}
 B - a scroll of enchant armour {unknown}
 C - a scroll of identify
Potions
 d - 2 potions of might
 e - 2 potions of curing
 h - a potion of mutation
 i - 2 potions of resistance
 o - a potion of berserk rage {unknown}
 p - 2 potions of haste
 q - 2 potions of magic
 x - 2 potions of lignification {unknown}
 z - a potion of brilliance {unknown}


   Skills:
 + Level 5.5 Fighting
 + Level 4.8 Long Blades
 + Level 5.6 Armour
 + Level 5.1 Shields


You had 6 spell levels left.
You didn't know any spells.
Your spell library contained the following spells:

 Spells                   Type           Power      Damage    Failure   Level
 Sublimation of Blood     Necr           0%         N/A       94%         2
 Wereblood                Tmut           0%         N/A       94%         2
 Stone Arrow              Conj/Erth      0%         3d7       99%         3
 Animate Armour           Summ/Erth      0%         N/A       100%        4
 Summon Hydra             Summ           0%         N/A       100%        7
 Lehudib's Crystal Spear  Conj/Erth      0%         10d2      100%        8


Dungeon Overview and Level Annotations

Branches:
Dungeon (5/15)             Temple (1/1) D:4         Ossuary (visited)

Altars:
Ashenzari
Gozag
Kikubaaqudgha
Makhleb
Qazlal
Uskayaw
Xom
The Shining One


Innate Abilities, Weirdness & Mutations

You are amphibious.
You cover ground slowly.
You can hop short distances.
You have an extended range of vision and can be seen from far away.


Message History

You block the orc's attack.
You hit the orc but do no damage.
The orc is almost dead.
The orc hits you with a +0 club.
You barely miss the orc.
The orc is almost dead.
The orc closely misses you.
You closely miss the orc.
The orc is almost dead.
The orc hits you but does no damage.
You slash the orc!
You kill the orc!
Things that are here:
a +0 club; a +0 leather armour You start resting.
HP restored.
You start waiting.
Done waiting.
There is a stone staircase leading down here.
You climb downwards.
The ogre shouts!
You block the ogre's attack.
Found a scroll of identify.
Found a stone staircase leading up.
There is a stone staircase leading up here.
You slash the ogre!
The ogre is moderately wounded.
The ogre barely misses you.
You hit the ogre but do no damage.
The ogre is moderately wounded.
You barely miss the ogre.
The ogre is moderately wounded.
The ogre hits you with a +0 giant spiked club!!
You hit the ogre.
The ogre is heavily wounded.
The ogre hits you with a +0 giant spiked club!
You barely miss the ogre.
The ogre is heavily wounded.
The ogre hits you with a +0 giant spiked club!!
Ouch! That really hurt!
You die...

.... .. ..
...# ... ##
...##... ..
...#.... #.
........ #[
<....... #.
......#. ..
####O.......
## #..@..#
#.........##
###.........
#....###.....
......
....?.. #....
........ ##.#
...#.... ##
...##... ...#
...


You could see an ogre.

Vanquished Creatures
  Menkaure (Ossuary)
  2 hounds
  2 orc priests
  2 orc wizards (D:4)
  3 mummies (Ossuary)
  A gnoll (D:1)
  An adder (D:3)
  A worm (D:4)
  2 dart slugs
  6 orcs
  A bat skeleton (D:2)
  A bat zombie (D:2)
  4 endoplasms
  2 giant cockroaches
  2 gnoll zombies (Ossuary)
  5 goblins
  7 hobgoblins
  2 quokkas (D:2)
  5 ball pythons
  A ball python skeleton (D:2)
  2 ball python zombies (D:2)
  4 bats
  A frilled lizard (D:3)
  A giant cockroach zombie (D:2)
  2 gnoll skeletons (Ossuary)
  7 goblin skeletons (Ossuary)
  3 goblin zombies (Ossuary)
  7 hobgoblin skeletons (Ossuary)
  2 hobgoblin zombies (Ossuary)
  2 jackal zombies (D:2)
  6 kobolds
  4 kobold skeletons (Ossuary)
  6 kobold zombies (Ossuary)
  3 orc skeletons (Ossuary)
  8 orc zombies (Ossuary)
  5 rats
  2 rat skeletons (Ossuary)
  4 rat zombies (Ossuary)
120 creatures vanquished.

Vanquished Creatures (others)
  A withered plant (D:2)
1 creature vanquished.

Grand Total: 121 creatures vanquished

Notes
Turn   | Place    | Note
-------+----------+-------------------------------------------
     0 | D:1      | cforsyth the Barachi Fighter began the quest for the Orb.
     0 | D:1      | Reached XP level 1. HP: 18/18 MP: 1/1
    42 | D:1      | Reached XP level 2. HP: 25/25 MP: 2/2
   354 | D:1      | Reached XP level 3. HP: 27/30 MP: 3/3
  1317 | D:2      | Reached XP level 4. HP: 31/37 MP: 4/4
  1647 | D:3      | Found a faded altar of an unknown god.
  2242 | D:4      | Found a sand-covered staircase.
  2291 | Ossuary  | Entered an ossuary
  2745 | Ossuary  | Reached XP level 5. HP: 43/43 MP: 5/5
  2754 | Ossuary  | Noticed Menkaure
  2774 | Ossuary  | Killed Menkaure
  2775 | Ossuary  | Reached skill level 5 in Armour
  2775 | Ossuary  | Reached XP level 6. HP: 20/50 MP: 6/6
  2893 | Ossuary  | Reached skill level 5 in Fighting
  4088 | D:4      | Found a staircase to the Ecumenical Temple.
  4111 | Temple   | Entered the Ecumenical Temple
  4209 | D:5      | Entered Level 5 of the Dungeon
  4455 | D:5      | Reached skill level 5 in Shields
  4478 | D:5      | Reached XP level 7. HP: 52/56 MP: 7/7
  4797 | D:5      | Demolished by an ogre

Illustrated notes

Levels and vault maps discovered:
D:1:      amcnicky_arrival_choice, layout_loops_ring
D:2:      layout_loops_ring, serial_undead, serial_undead_b, serial_undead_f,
          serial_undead_f, serial_undead_b
D:3:      layout_basic, nicolae_overflow_ecumenical_swirl,
          minmay_splitting_lines
D:4:      layout_basic, minmay_temple_entry_nine_rooms, enter_ossuary_3
D:5:      layout_cave_pools, nicolae_overflow_hidden_temple,
          nicolae_ru_great_annihilating_truth, mainiacjoe_overflow_big_doors,
          ebering_dispersal_statue_hall, st_stairs_7, minmay_checkerbox
Temple:   nicolae_temple_colour_theory

Skill      XL: |  1  2  3  4  5  6 |
---------------+-------------------+-----
Armour         | 4 5 |  5.6
Fighting       | 4 5 |  5.5
Long Blades    | 3 4 |  4.8
Shields        | 4 5 |  5.1

Action                     |  1- 3 |  4- 6 |  7- 9 || total
---------------------------+-------+-------+-------++-------
  Melee: Long sword        |   107 |   229 |    27 ||   363
    Use: Scroll            |       |    11 |     1 ||    12
         Potion            |       |     1 |       ||     1
 Armour: Scale mail        |    68 |    84 |    15 ||   167
  Dodge: Dodged            |    61 |    87 |    17 ||   165
         Repelled          |       |     1 |       ||     1
  Block: Buckler           |    25 |    39 |    17 ||    81

Table legend: (Time is in decaauts)
 A = Elapsed time spent in this place.
 B = Non-inter-level travel time spent in this place.
 C = Inter-level travel time spent in this place.
 D = Time resting spent in this place.
 E = Time spent auto-exploring this place.
 F = Levels seen in this place.
 G = Mean time per level.
                   A        B        C        D        E       F      G
               +--------+--------+--------+--------+--------+-----+--------+
         Total |   5532 |   5242 |    290 |    714 |   3354 |   7 |  790.3 |
       Dungeon |   4354 |   4075 |    279 |    659 |   2758 |   5 |  870.8 |
        Temple |     86 |     75 |     11 |      0 |     69 |   1 |   86.0 |
       Ossuary |   1090 |   1090 |      0 |     55 |    526 |   1 | 1090.0 |
               +--------+--------+--------+--------+--------+-----+--------+

Top non-repeatable levels by time:
     D:4: 1447 daAuts
 Ossuary: 1090 daAuts
     D:1: 966 daAuts
     D:2: 894 daAuts
     D:3: 886 daAuts
     D:5: 158 daAuts
  Temple: 86 daAuts
